Workbook
Name _______SE2: #REF!
Name _______SE2: #REF!
Name ______SE2: #REF!
Name ______SE2: #REF!
Name _____SE2: #REF!
Name _____SE2: #REF!
Name ____SE2: #REF!
Name ____SE2: #REF!
Name ___SE2: #REF!
Name ___SE2: #REF!
Name __SE2: #REF!
Name __SE2: #REF!
Name __xlnm.Criteria: "#REF!"
Name __xlnm.Database: "#REF!"
Name __xlnm.Extract: "#REF!"
Name __xlnm.Print_Area: "#REF!"
Name __xlnm.Print_Area_0_0_0_0_0_0_0_0_0_0_0_0_0_0_0_2: NA()
Name __xlnm.Print_Area_0_0_0_0_0_0_0_0_0_0_0_0_0_0_0_5: #REF!
Name __xlnm.Print_Area_0_0_0_0_0_0_0_0_0_0_0_0_0_0_0_5: #REF!
Name __xlnm.Print_Area_0_0_0_0_0_0_0_0_0_0_0_0_0_0_2: NA()
Name __xlnm.Print_Area_0_0_0_0_0_0_0_0_0_0_0_0_0_0_5: #REF!
Name __xlnm.Print_Area_0_0_0_0_0_0_0_0_0_0_0_0_0_0_5: #REF!
Name __xlnm.Print_Area_0_0_0_0_0_0_0_0_0_0_0_0_0_2: NA()
Name __xlnm.Print_Area_0_0_0_0_0_0_0_0_0_0_0_0_0_5: #REF!
Name __xlnm.Print_Area_0_0_0_0_0_0_0_0_0_0_0_0_0_5: #REF!
Name __xlnm.Print_Area_0_0_0_0_0_0_0_0_0_0_0_0_2: NA()
Name __xlnm.Print_Area_0_0_0_0_0_0_0_0_0_0_0_0_5: #REF!
Name __xlnm.Print_Area_0_0_0_0_0_0_0_0_0_0_0_0_5: #REF!
Name __xlnm.Print_Area_0_0_0_0_0_0_0_0_0_0_0_2: NA()
Name __xlnm.Print_Area_0_0_0_0_0_0_0_0_0_0_0_5: #REF!
Name __xlnm.Print_Area_0_0_0_0_0_0_0_0_0_0_0_5: #REF!
Name __xlnm.Print_Area_0_0_0_0_0_0_0_0_0_0_2: NA()
Name __xlnm.Print_Area_0_0_0_0_0_0_0_0_0_0_5: #REF!
Name __xlnm.Print_Area_0_0_0_0_0_0_0_0_0_0_5: #REF!
Name __xlnm.Print_Area_0_0_0_0_0_0_0_0_0_2: NA()
Name __xlnm.Print_Area_0_0_0_0_0_0_0_0_0_5: #REF!
Name __xlnm.Print_Area_0_0_0_0_0_0_0_0_0_5: #REF!
Name __xlnm.Print_Area_0_0_0_0_0_0_0_0_2: NA()
Name __xlnm.Print_Area_0_0_0_0_0_0_0_0_5: #REF!
Name __xlnm.Print_Area_0_0_0_0_0_0_0_0_5: #REF!
Name __xlnm.Print_Area_0_0_0_0_0_0_0_2: NA()
Name __xlnm.Print_Area_0_0_0_0_0_0_0_5: #REF!
Name __xlnm.Print_Area_0_0_0_0_0_0_0_5: #REF!
Name __xlnm.Print_Area_0_0_0_0_0_0_2: NA()
Name __xlnm.Print_Area_0_0_0_0_0_0_5: #REF!
Name __xlnm.Print_Area_0_0_0_0_0_0_5: #REF!
Name __xlnm.Print_Area_0_0_0_0_0_2: NA()
Name __xlnm.Print_Area_0_0_0_0_0_5: #REF!
Name __xlnm.Print_Area_0_0_0_0_0_5: #REF!
Name __xlnm.Print_Area_0_0_0_0_2: NA()
Name __xlnm.Print_Area_0_0_0_0_5: #REF!
Name __xlnm.Print_Area_0_0_0_0_5: #REF!
Name __xlnm.Print_Area_0_0_0_2: NA()
Name __xlnm.Print_Area_0_0_0_5: #REF!
Name __xlnm.Print_Area_0_0_0_5: #REF!
Name __xlnm.Print_Area_0_0_2: NA()
Name __xlnm.Print_Area_0_0_5: #REF!
Name __xlnm.Print_Area_0_0_5: #REF!
Name __xlnm.Print_Area_0_2: NA()
Name __xlnm.Print_Area_0_5: #REF!

Sheet SINTÉTICO
B7: ORÇAMENTO SINTÉTICO
B8: OBRA: | C8: EMPREITADA DE MÃO DE OBRA COM FORNECIMENTO DE MATERIAIS PARA A MANUTENÇÃO DA MALHA VIÁRIA E DISPOSITIVOS DE DRENAGEM SUPERFICIAL NO MUNICÍPIO DE SÃO JOSÉ DO RIO PRETO ATRAVÉS DE RECAPEAMENTO ASFÁLTICO, FRESAGEM, RECICLAGEM, RECOMPOSIÇÃO DE ENCABEÇAMENTO DE OAE´S, RECONSTRUÇÃO/SUBSTITUIÇÃO DE GUIAS, SARJETAS E SARJETÕES, SINALIZAÇÕES HORIZONTAIS E CONTROLE TECNOLÓGICO EM DIVERSOS LOGRADOUROS COMPREENDIDOS NAS 10 MACRORREGIÕES DO MUNICÍPIO | G8: LEIS SOCIAIS:
G9: BDI: | H9: =BDI_P!F29 -> 0
G10: DATA:
B11: LOCAL: | C11: DIVERSAS RUAS E AVENIDAS DAS 10 MACRORREGIÕES DO MUNICÍPIO
B13: ITEM | C13: DESCRIÇÃO DOS SERVIÇOS | D13: UNID. | E13: QUANT. | F13: PR. UNIT.(R$) | G13: PR. UNIT.(R$) C/ BDI | H13: PR. TOTAL(R$) C/ BDI
C14: RECUPERAÇÃO DE VIAS
B16: 1 | C16: SERVIÇOS PRELIMINARES
B17: 1.1 | C17: CONFECCAO, MONTAGEM E INSTALACAO DE PLACA INSTITUCIONAL | D17: m² | E17: 18 | F17: =COMPOSIÇÕES!H135 -> 0 | G17: =ROUND(F17*(1+$H$9),2) -> 0 | H17: =ROUND(E17*G17,2) -> 0
B18: 1.2 | C18: SINALIZAÇÃO TRÂNSITO - NOTURNA E DIURNA | D18: m | E18: 158881.4 | F18: =COMPOSIÇÕES!H7 -> 0 | G18: =ROUND(F18*(1+$H$9),2) -> 0 | H18: =ROUND(E18*G18,2) -> 0
B19: 1.3 | C19: PODA EM ALTURA DE ÁRVORE COM DIÂMETRO DE TRONCO MENOR QUE 0,20 M AF_03/2024 | D19: unid. | E19: 6355 | F19: =COMPOSIÇÕES!H149 -> 0 | G19: =ROUND(F19*(1+$H$9),2) -> 0 | H19: =ROUND(E19*G19,2) -> 0
B20: 1.4 | C20: PODA EM ALTURA DE ÁRVORE COM DIÂMETRO DE TRONCO MAIOR OU IGUAL 0,20 M E MENOR QUE 0,40 M AF_03/2024 | D20: unid. | E20: 3605 | F20: =COMPOSIÇÕES!H157 -> 0 | G20: =ROUND(F20*(1+$H$9),2) -> 0 | H20: =ROUND(E20*G20,2) -> 0
D21: TOTAL ITEM 1 (R$) | H21: =SUM(H17:H20) -> 0
B22: 2 | C22: RECAPEAMENTO ASFÁLTICO
B23: 2.1 | C23: LIMPEZA DE SUPERFÍCIE COM JATO DE ALTA PRESSÃO. AF_04/2019 | D23: m² | E23: 1350386.6 | F23: =COMPOSIÇÕES!H165 -> 0 | G23: =ROUND(F23*(1+$H$9),2) -> 0 | H23: =ROUND(E23*G23,2) -> 0
B24: 2.2 | C24: IMPRIMADURA BETUMINOSA LIGANTE | D24: m² | E24: 1350386.6 | F24: =COMPOSIÇÕES!H171 -> 0 | G24: =ROUND(F24*(1+$H$9),2) -> 0 | H24: =ROUND(E24*G24,2) -> 0
B25: 2.3 | C25: CONCRETO ASFALTICO USINADO A QUENTE - FAIXA DER 12,5 | D25: m³ | E25: 40511.61 | F25: =COMPOSIÇÕES!H181 -> 0 | G25: =ROUND(F25*(1+$H$9),2) -> 0 | H25: =ROUND(E25*G25,2) -> 0
D26: TOTAL ITEM 2 (R$) | H26: =SUM(H23:H25) -> 0
B27: 3 | C27: SERVIÇOS COMPLEMENTARES
B28: 3.1 | C28: NIVELAMENTO DE POÇO DE VISITA - SANEAMENTO OU TELEFONIA | D28: unid. | E28: 319 | F28: =COMPOSIÇÕES!H18 -> 0 | G28: =ROUND(F28*(1+$H$9),2) -> 0 | H28: =ROUND(E28*G28,2) -> 0
B29: 3.2 | C29: REMENDO SUPERFICIAL RÁPIDO | D29: m² | E29: 7156.5 | F29: =COMPOSIÇÕES!H32 -> 0 | G29: =ROUND(F29*(1+$H$9),2) -> 0 | H29: =ROUND(E29*G29,2) -> 0
B30: 3.3 | C30: FRESAGEM DE PAVIMENTO ASFÁLTICO (PROFUNDIDADE ATÉ 5,0 CM) - EXCLUSIVE TRANSPORTE. AF_11/2019 | D30: m² | E30: 1350386.6 | F30: =COMPOSIÇÕES!H198 -> 0 | G30: =ROUND(F30*(1+$H$9),2) -> 0 | H30: =ROUND(E30*G30,2) -> 0
B31: 3.4 | C31: TRANSPORTE COM CAMINHÃO BASCULANTE DE 6 M³, EM VIA URBANA PAVIMENTADA, DMT ATÉ 30 KM (UNIDADE: M3XKM). AF_07/2020 | D31: m³xkm | E31: 540154.63 | F31: =COMPOSIÇÕES!H213 -> 0 | G31: =ROUND(F31*(1+$H$9),2) -> 0 | H31: =ROUND(E31*G31,2) -> 0
B32: 3.5 | C32: RECICLAGEM DE PAVIMENTO COM ADIÇÃO DE 20 % BRITA E 4% CIMENTO C/ TRANSPORTE DO BOTA FORA (MATERIAL EXCEDENTE) | D32: m³ | E32: 18252.83 | F32: =COMPOSIÇÕES!H45 -> 0 | G32: =ROUND(F32*(1+$H$9),2) -> 0 | H32: =ROUND(E32*G32,2) -> 0
B33: 3.6 | C33: IMPLANTAÇÃO DE SARJETÃO | D33: m | E33: 750 | F33: =COMPOSIÇÕES!H51 -> 0 | G33: =ROUND(F33*(1+$H$9),2) -> 0 | H33: =ROUND(E33*G33,2) -> 0
B34: 3.7 | C34: TAMPÃO EM FERRO FUNDIDO, DIÂMETRO DE 600 mm, CLASSE D 400 (RUPTURA > 400 KN) | D34: unid. | E34: 35 | F34: =COMPOSIÇÕES!H219 -> 0 | G34: =ROUND(F34*(1+$H$9),2) -> 0 | H34: =ROUND(E34*G34,2) -> 0
B35: 3.8 | C35: SINALIZAÇÃO HORIZONTAL ACRILICA BASE ÁGUA | D35: m² | E35: 43396.83 | F35: =COMPOSIÇÕES!H228 -> 0 | G35: =ROUND(F35*(1+$H$9),2) -> 0 | H35: =ROUND(E35*G35,2) -> 0
B36: 3.9 | C36: GUIA PRÉ FABRICADA (PADRÃO PM SJRP) | D36: m | E36: 1589 | F36: =COMPOSIÇÕES!H63 -> 0 | G36: =ROUND(F36*(1+$H$9),2) -> 0 | H36: =ROUND(E36*G36,2) -> 0
B37: 3.10 | C37: EXECUÇÃO DE SARJETA DE CONCRETO USINADO, MOLDADA IN LOCO EM TRECHO RETO, 45 CM BASE X 15 CM ALTURA AF_01/2024 | D37: m | E37: 3178 | F37: =COMPOSIÇÕES!H242 -> 0 | G37: =ROUND(F37*(1+$H$9),2) -> 0 | H37: =ROUND(E37*G37,2) -> 0
D38: TOTAL ITEM 3 (R$) | H38: =SUM(H28:H37) -> 0
B39: 4 | C39: RECOMPOSIÇÃO DE ENCABEÇAMENTO DE PONTES E VIADUTOS
B40: 4.1 | C40: DEMOLIÇÃO PAVIMENTO FLEXIVEL C/ TRANSPORTE | D40: m³ | E40: 200 | F40: =COMPOSIÇÕES!H252 -> 0 | G40: =ROUND(F40*(1+$H$9),2) -> 0 | H40: =ROUND(E40*G40,2) -> 0
B41: 4.2 | C41: ESCAVAÇÃO MECÂNICA P/ OBRAS S/ EXPLOSIVO | D41: m³ | E41: 1300 | F41: =COMPOSIÇÕES!H263 -> 0 | G41: =ROUND(F41*(1+$H$9),2) -> 0 | H41: =ROUND(E41*G41,2) -> 0
B42: 4.3 | C42: TRANSPORTE DE 1/2 CATEGORIA ATÉ 15 KM | D42: m³xkm | E42: 19500 | F42: =COMPOSIÇÕES!H271 -> 0 | G42: =ROUND(F42*(1+$H$9),2) -> 0 | H42: =ROUND(E42*G42,2) -> 0
B43: 4.4 | C43: PREPARO DE FUNDO DE VALA COM LARGURA MAIOR OU IGUAL A 1,5M E MENOR QUE 2,5 M (ACERTO DO SOLO NATURAL) AF_08/2020 | D43: m² | E43: 1000 | F43: =COMPOSIÇÕES!H276 -> 0 | G43: =ROUND(F43*(1+$H$9),2) -> 0 | H43: =ROUND(E43*G43,2) -> 0
B44: 4.5 | C44: ENCHIMENTO DE VALA COM PEDRA MARROADA | D44: m³ | E44: 1300 | F44: =COMPOSIÇÕES!H284 -> 0 | G44: =ROUND(F44*(1+$H$9),2) -> 0 | H44: =ROUND(E44*G44,2) -> 0
B45: 4.6 | C45: MANTA GEOTEXTIL NÃO TECIDA RESISTÊNCIA LONGITUDINAL 16 KN/M | D45: m² | E45: 3400 | F45: =COMPOSIÇÕES!H293 -> 0 | G45: =ROUND(F45*(1+$H$9),2) -> 0 | H45: =ROUND(E45*G45,2) -> 0
B46: 4.7 | C46: TRANSPORTE COM CAMINHÃO BASCULANTE DE 6 M³, EM VIA URBANA PAVIMENTADA, DMT ATÉ 30 KM (UNIDADE: M3XKM). AF_07/2020 | D46: m³xkm | E46: 92100 | F46: =COMPOSIÇÕES!H213 -> 0 | G46: =ROUND(F46*(1+$H$9),2) -> 0 | H46: =ROUND(E46*G46,2) -> 0
B47: 4.8 | C47: SINALIZAÇÃO DE OBRAS PARA EXECUÇÃO DE RECOMPOSIÇÃO DE ENCAMENÇAMENTO DE OAE | D47: unid. | E47: 40 | F47: =COMPOSIÇÕES!H69 -> 0 | G47: =ROUND(F47*(1+$H$9),2) -> 0 | H47: =ROUND(E47*G47,2) -> 0
B48: 4.9 | C48: SUB-BASE OU BASE BRITA GRAD. C/CIM 1%VOL | D48: m³ | E48: 200 | F48: =COMPOSIÇÕES!H300 -> 0 | G48: =ROUND(F48*(1+$H$9),2) -> 0 | H48: =ROUND(E48*G48,2) -> 0
B49: 4.10 | C49: IMPRIMADURA BETUMINOSA IMPERMEABILIZANTE | D49: m² | E49: 1000 | F49: =COMPOSIÇÕES!H318 -> 0 | G49: =ROUND(F49*(1+$H$9),2) -> 0 | H49: =ROUND(E49*G49,2) -> 0
B50: 4.11 | C50: FRESAGEM DE PAVIMENTO ASFÁLTICO (PROFUNDIDADE ATÉ 5,0 CM) - EXCLUSIVE TRANSPORTE. AF_11/2019 | D50: m² | E50: 5250 | F50: =COMPOSIÇÕES!H198 -> 0 | G50: =ROUND(F50*(1+$H$9),2) -> 0 | H50: =ROUND(E50*G50,2) -> 0
B51: 4.12 | C51: IMPRIMADURA BETUMINOSA LIGANTE | D51: m² | E51: 8000 | F51: =COMPOSIÇÕES!H171 -> 0 | G51: =ROUND(F51*(1+$H$9),2) -> 0 | H51: =ROUND(E51*G51,2) -> 0
B52: 4.13 | C52: CONCRETO ASFALTICO USINADO A QUENTE - FAIXA DER 12,5 | D52: m³ | E52: 260 | F52: =COMPOSIÇÕES!H181 -> 0 | G52: =ROUND(F52*(1+$H$9),2) -> 0 | H52: =ROUND(E52*G52,2) -> 0
D53: TOTAL ITEM 4 (R$) | H53: =SUM(H40:H52) -> 0
B54: 5 | C54: CONTROLE TECNOLÓGICO
B55: 5.1 | C55: ENSAIO DE PORCENTAGEM DE BETUME - MISTURAS BETUMINOSAS | D55: unid. | E55: 454 | F55: =COMPOSIÇÕES!H80 -> 0 | G55: =ROUND(F55*(1+$H$9),2) -> 0 | H55: =ROUND(E55*G55,2) -> 0
B56: 5.2 | C56: ENSAIO MARSHALL - MISTURA BETUMINOSA A QUENTE | D56: unid. | E56: 454 | F56: =COMPOSIÇÕES!H86 -> 0 | G56: =ROUND(F56*(1+$H$9),2) -> 0 | H56: =ROUND(E56*G56,2) -> 0
B57: 5.3 | C57: ENSAIO DE CONTROLE DE GRAU DE COMPACTAÇÃO DA MISTURA ASFÁLTICA | D57: unid. | E57: 908 | F57: =COMPOSIÇÕES!H92 -> 0 | G57: =ROUND(F57*(1+$H$9),2) -> 0 | H57: =ROUND(E57*G57,2) -> 0
B58: 5.4 | C58: ENSAIO DE RESISTÊNCIA A COMPRESSÃO SIMPLES - CONCRETO | D58: unid. | E58: 100 | F58: =COMPOSIÇÕES!H98 -> 0 | G58: =ROUND(F58*(1+$H$9),2) -> 0 | H58: =ROUND(E58*G58,2) -> 0
D59: TOTAL ITEM 6 (R$) | H59: =SUM(H55:H58) -> 0
B60: 6 | C60: AS BUILT (LEVANTEMENTO CADASTRAL DE TODOS OS SERVIÇOS REALIZADOS)
B61: 6.1 | C61: LEVANTAMENTO PLANIMÉTRICO CADASTRAL | D61: m² | E61: 1350386.6 | F61: =COMPOSIÇÕES!H104 -> 0 | G61: =ROUND(F61*(1+$H$9),2) -> 0 | H61: =ROUND(E61*G61,2) -> 0
D62: TOTAL ITEM 7 (R$) | H62: =SUM(H61) -> 0
B64: TOTAL GERAL | G64: =H21+H26+H38+H59+H62+H53 -> 0

Sheet CRONOGRAMA
B10: C R O N O G R A M A F Í S I C O - F I N A N C E I R O
B11: OBRA: | C11: =SINTÉTICO!C8 -> EMPREITADA DE MÃO DE OBRA COM FORNECIMENTO DE MATERIAIS PARA A MANUTENÇÃO DA MALHA VIÁRIA E DISPOSITIVOS DE DRENAGEM SUPERFICIAL NO MUNICÍPIO DE SÃO JOSÉ DO RIO PRETO ATRAVÉS DE RECAPEAMENTO ASFÁLTICO, FRESAGEM, RECICLAGEM, RECOMPOSIÇÃO DE ENCABEÇAMENTO DE OAE´S, RECONSTRUÇÃO/SUBSTITUIÇÃO DE GUIAS, SARJETAS E SARJETÕES, SINALIZAÇÕES HORIZONTAIS E CONTROLE TECNOLÓGICO EM DIVERSOS LOGRADOUROS COMPREENDIDOS NAS 10 MACRORREGIÕES DO MUNICÍPIO | R11: =SINTÉTICO!H10 -> 0
B12: ITEM | C12: DESCRIÇÃO | D12: VALOR (R$) | E12: % PARTICIPAÇÃO OBRA | F12: PRAZO DE EXECUÇÃO 210 DIAS | R12: TOTAIS
F13: 1º MÊS | G13: 2º MÊS | H13: 3º MÊS | I13: 4º MÊS | J13: 5º MÊS | K13: 6º MÊS | L13: 7º MÊS | M13: 8º MÊS | N13: 9º MÊS | O13: 10º MÊS | P13: 11º MÊS | Q13: 12º MÊS | R13: R$ %
B14: 1 | C14: =SINTÉTICO!C16 -> SERVIÇOS PRELIMINARES | D14: =SINTÉTICO!H21 -> 0 | E14: =IF($D$27=0,0,D14/$D$27) -> 0 | F14: 0.0958 | G14: 0.0822 | H14: 0.0822 | I14: 0.0822 | J14: 0.0822 | K14: 0.0822 | L14: 0.0822 | M14: 0.0822 | N14: 0.0822 | O14: 0.0822 | P14: 0.0822 | Q14: 0.0822 | R14: =SUM(F14:Q14) -> 1
F15: =ROUND(F14*$D14,2) -> 0 | G15: =ROUND(G14*$D14,2) -> 0 | H15: =ROUND(H14*$D14,2) -> 0 | I15: =ROUND(I14*$D14,2) -> 0 | J15: =ROUND(J14*$D14,2) -> 0 | K15: =ROUND(K14*$D14,2) -> 0 | L15: =ROUND(L14*$D14,2) -> 0 | M15: =ROUND(M14*$D14,2) -> 0 | ... Q15: =ROUND(Q14*$D14,2) -> 0 | R15: =SUM(F15:Q15) -> 0 | S15: =R15-D14 -> 0
B16: 2 | C16: =SINTÉTICO!C22 -> RECAPEAMENTO ASFÁLTICO | D16: =SINTÉTICO!H26 -> 0 | E16: =IF($D$27=0,0,D16/$D$27) -> 0 | F16: 0.075 | G16: 0.075 | H16: 0.08 | I16: 0.085 | J16: 0.085 | K16: 0.085 | L16: 0.085 | M16: 0.085 | N16: 0.085 | O16: 0.085 | P16: 0.085 | Q16: 0.09 | R16: =SUM(F16:Q16) -> 1
F17: =ROUND(F16*$D16,2) -> 0 | G17: =ROUND(G16*$D16,2) -> 0 | H17: =ROUND(H16*$D16,2) -> 0 | I17: =ROUND(I16*$D16,2) -> 0 | J17: =ROUND(J16*$D16,2) -> 0 | K17: =ROUND(K16*$D16,2) -> 0 | L17: =ROUND(L16*$D16,2) -> 0 | M17: =ROUND(M16*$D16,2) -> 0 | ... Q17: =ROUND(Q16*$D16,2) -> 0 | R17: =SUM(F17:Q17) -> 0 | S17: =R17-D16 -> 0
B18: 3 | C18: =SINTÉTICO!C27 -> SERVIÇOS COMPLEMENTARES | D18: =SINTÉTICO!H38 -> 0 | E18: =IF($D$27=0,0,D18/$D$27) -> 0 | F18: 0.07 | G18: 0.08 | H18: 0.085 | I18: 0.085 | J18: 0.085 | K18: 0.085 | L18: 0.085 | M18: 0.085 | N18: 0.085 | O18: 0.085 | P18: 0.085 | Q18: 0.085 | R18: =SUM(F18:Q18) -> 1
F19: =ROUND(F18*$D18,2) -> 0 | G19: =ROUND(G18*$D18,2) -> 0 | H19: =ROUND(H18*$D18,2) -> 0 | I19: =ROUND(I18*$D18,2) -> 0 | J19: =ROUND(J18*$D18,2) -> 0 | K19: =ROUND(K18*$D18,2) -> 0 | L19: =ROUND(L18*$D18,2) -> 0 | M19: =ROUND(M18*$D18,2) -> 0 | ... Q19: =ROUND(Q18*$D18,2) -> 0 | R19: =SUM(F19:Q19) -> 0 | S19: =R19-D18 -> 0
B20: 4 | C20: =SINTÉTICO!C39 -> RECOMPOSIÇÃO DE ENCABEÇAMENTO DE PONTES E VIADUTOS | D20: =SINTÉTICO!H53 -> 0 | E20: =IF($D$27=0,0,D20/$D$27) -> 0 | F20: 0 | G20: 0.1 | H20: 0.1 | I20: 0.1 | J20: 0.1 | K20: 0.1 | L20: 0.1 | M20: 0.1 | N20: 0.1 | O20: 0.1 | P20: 0.1 | R20: =SUM(F20:Q20) -> 1
F21: =ROUND(F20*$D20,2) -> 0 | G21: =ROUND(G20*$D20,2) -> 0 | H21: =ROUND(H20*$D20,2) -> 0 | I21: =ROUND(I20*$D20,2) -> 0 | J21: =ROUND(J20*$D20,2) -> 0 | K21: =ROUND(K20*$D20,2) -> 0 | L21: =ROUND(L20*$D20,2) -> 0 | M21: =ROUND(M20*$D20,2) -> 0 | ... Q21: =ROUND(Q20*$D20,2) -> 0 | R21: =SUM(F21:Q21) -> 0 | S21: =R21-D20 -> 0
B22: 5 | C22: =SINTÉTICO!C54 -> CONTROLE TECNOLÓGICO | D22: =SINTÉTICO!H59 -> 0 | E22: =IF($D$27=0,0,D22/$D$27) -> 0 | F22: 0.075 | G22: 0.075 | H22: 0.08 | I22: 0.085 | J22: 0.085 | K22: 0.085 | L22: 0.085 | M22: 0.085 | N22: 0.085 | O22: 0.085 | P22: 0.085 | Q22: 0.09 | R22: =SUM(F22:Q22) -> 1
F23: =ROUND(F22*$D22,2) -> 0 | G23: =ROUND(G22*$D22,2) -> 0 | H23: =ROUND(H22*$D22,2) -> 0 | I23: =ROUND(I22*$D22,2) -> 0 | J23: =ROUND(J22*$D22,2) -> 0 | K23: =ROUND(K22*$D22,2) -> 0 | L23: =ROUND(L22*$D22,2) -> 0 | M23: =ROUND(M22*$D22,2) -> 0 | ... Q23: =ROUND(Q22*$D22,2) -> 0 | R23: =SUM(F23:Q23) -> 0 | S23: =R23-D22 -> 0
B24: 6 | C24: =SINTÉTICO!C60 -> AS BUILT (LEVANTEMENTO CADASTRAL DE TODOS OS SERVIÇOS REALIZADOS) | D24: =SINTÉTICO!H62 -> 0 | E24: =IF($D$27=0,0,D24/$D$27) -> 0 | F24: 0.075 | G24: 0.075 | H24: 0.08 | I24: 0.085 | J24: 0.085 | K24: 0.085 | L24: 0.085 | M24: 0.085 | N24: 0.085 | O24: 0.085 | P24: 0.085 | Q24: 0.09 | R24: =SUM(F24:Q24) -> 1
F25: =ROUND(F24*$D24,2) -> 0 | G25: =ROUND(G24*$D24,2) -> 0 | H25: =ROUND(H24*$D24,2) -> 0 | I25: =ROUND(I24*$D24,2) -> 0 | J25: =ROUND(J24*$D24,2) -> 0 | K25: =ROUND(K24*$D24,2) -> 0 | L25: =ROUND(L24*$D24,2) -> 0 | M25: =ROUND(M24*$D24,2) -> 0 | ... Q25: =ROUND(Q24*$D24,2) -> 0 | R25: =SUM(F25:Q25) -> 0 | S25: =R25-D24 -> 0
B27: TOTAIS | C27: ORÇAMENTO | D27: =SUM(D14:D25) -> 0 | E27: =SUM(E14:E25) -> 0
C28: % EXECUTADO NO PERÍODO | F28: =IF($D$27=0,0,F30/$D$27) -> 0 | G28: =IF($D$27=0,0,G30/$D$27) -> 0 | H28: =IF($D$27=0,0,H30/$D$27) -> 0 | I28: =IF($D$27=0,0,I30/$D$27) -> 0 | J28: =IF($D$27=0,0,J30/$D$27) -> 0 | K28: =IF($D$27=0,0,K30/$D$27) -> 0 | L28: =IF($D$27=0,0,L30/$D$27) -> 0 | M28: =IF($D$27=0,0,M30/$D$27) -> 0 | ... Q28: =IF($D$27=0,0,Q30/$D$27) -> 0 | R28: =IF(D27=0,0,R30/D27) -> 0
C29: % ACUMULADO NO PERÍODO | F29: =F28 -> 0 | G29: =F29+G28 -> 0 | H29: =G29+H28 -> 0 | I29: =H29+I28 -> 0 | J29: =I29+J28 -> 0 | K29: =J29+K28 -> 0 | L29: =K29+L28 -> 0 | M29: =L29+M28 -> 0 | N29: =M29+N28 -> 0 | ... Q29: =P29+Q28 -> 0
C30: VALOR (R$) EXECUTADO NO PERÍODO | F30: =F15+F17+F19+F21+F23+F25 -> 0 | G30: =G15+G17+G19+G21+G23+G25 -> 0 | H30: =H15+H17+H19+H21+H23+H25 -> 0 | I30: =I15+I17+I19+I21+I23+I25 -> 0 | J30: =J15+J17+J19+J21+J23+J25 -> 0 | K30: =K15+K17+K19+K21+K23+K25 -> 0 | L30: =L15+L17+L19+L21+L23+L25 -> 0 | M30: =M15+M17+M19+M21+M23+M25 -> 0 | ... R30: =R15+R17+R19+R21+R23+R25 -> 0
C31: VALOR (R$) ACUMULADO NO PERÍODO | F31: =F30 -> 0 | G31: =F31+G30 -> 0 | H31: =G31+H30 -> 0 | I31: =H31+I30 -> 0 | J31: =I31+J30 -> 0 | K31: =J31+K30 -> 0 | L31: =K31+L30 -> 0 | M31: =L31+M30 -> 0 | N31: =M31+N30 -> 0 | ... Q31: =P31+Q30 -> 0
B39: =SINTÉTICO!B69 -> 0
B40: =SINTÉTICO!B70 -> 0

Sheet BDI_P
D6: Quadro de Composição do BDI
D8: Proponente:
D9: Contrato (n°):
D10: Ministério:
D11: Objeto:
D13: Selecione na célula abaixo o tipo de obra do empreendimento:
D14: Construção de Praças Urbanas, Rodovias, Ferrovias e recapeamento e pavimentação de vias urbanas
D16: Conforme legislação tributária municipal, definir estimativa de percentual da base de cálculo para o ISS:
D17: Sobre a base de cálculo, definir a respectiva alíquota do ISS (entre 2% e 5%):
D19: Itens | E19: Siglas | F19: Preencher percentuais das parcelas do BDI | G19: Situação intervalo admissível | H19: 1º Quartil | I19: Médio | J19: 3º Quartil
D20: Administração Central | E20: AC | G20: - | H20: 0.038 | I20: 0.0401 | J20: 0.0467
D21: Seguro e Garantia | E21: SG | G21: - | H21: 0.0032 | I21: 0.004 | J21: 0.0074
D22: Risco | E22: R | G22: - | H22: 0.005 | I22: 0.0056 | J22: 0.0097
D23: Despesas Financeiras | E23: DF | G23: - | H23: 0.0102 | I23: 0.0111 | J23: 0.0121
D24: Lucro | E24: L | G24: - | H24: 0.0664 | I24: 0.073 | J24: 0.0869
D25: Tributos (impostos COFINS 3%, e PIS 0,65%) | E25: CP | G25: =IF(AND(F25>=H25, F25<=J25), "OK", "Não OK") -> Não OK | H25: 0.0365 | I25: 0.0365 | J25: 0.0365
D26: Tributos (ISS, variável de acordo com o município) | E26: ISS | F26: =I16*I17 -> 0 | G26: =IF(AND(F26>=H26, F26<=J26), "OK", "Não OK") -> OK | H26: 0 | I26: 0.025 | J26: 0.05
D27: Tributos (Contribuição Previdenciária - 0% ou 4,5%, conforme Lei 13.161/2015 - Desoneração) | E27: CPRB | G27: =IF(AND(F27>=H27, F27<=J27), "OK", "Não OK") -> OK | H27: 0 | I27: 0.02 | J27: 0.045
D28: Fórmula de BDI adotado conforme Acórdão TCU | E28: BDI PAD | F28: =ROUND((((1+F20+F21+F22)*(1+F23)*(1+F24)/(1-(F25+F26)))-1),4) -> 0 | G28: =IF(AND(F28>=H28, F28<=J28), "OK", "Não OK") -> Não OK | H28: =H47 -> 0.196 | I28: =I47 -> 0.2097 | J28: =J47 -> 0.2423
D29: BDI SINAPI DESONERADO (A ser aplicado na Planilha Orçamentária) | E29: BDI DES | F29: =ROUND((((1+F20+F21+F22)*(1+F23)*(1+F24)/(1-(F25+F26+F27)))-1),4) -> 0 | G29: =IF(COUNTIF($E$12:$E$19,"NÃO OK")>0,"NÃO OK","OK") -> OK
D31: Os valores de BDI foram calculados com o emprego da fórmula abaixo:
D33: =CONCATENATE("Declaro para os devidos fins que, conforme legislação tributária municipal, a base de cálculo para ",D14,", é de ",I16*100,"%, com a respectiva alíquota de ",I17*100,"%.") -> Declaro para os devidos fins que, conforme legislação tributária municipal, a base de cálculo para Construção de Praças Urbanas, Rodovias, Ferrovias e recapeamento e pavimentação de vias urbanas, é de 0%, com a respectiva alíquota de 0%.
D34: =CONCATENATE("Declaro para os devidos fins que para o cálculo deste BDI, optamos pelo Orçamento ",IF($F$27=4.5%,"COM","SEM")," DESONERAÇÃO, e que esta alternativa é a mais adequada para a Administração Pública.") -> Declaro para os devidos fins que para o cálculo deste BDI, optamos pelo Orçamento SEM DESONERAÇÃO, e que esta alternativa é a mais adequada para a Administração Pública.
H35: MIN | I35: MED | J35: MAX
D36: Construção e Reforma de Edifícios | E36: AC | F36: =CONCATENATE(D36,"-",E36) -> Construção e Reforma de Edifícios-AC | H36: 0.03 | I36: 0.04 | J36: 0.055
D37: =D36 -> Construção e Reforma de Edifícios | E37: SG | F37: =CONCATENATE(D37,"-",E37) -> Construção e Reforma de Edifícios-SG | H37: 0.008 | I37: 0.008 | J37: 0.01
D38: =D37 -> Construção e Reforma de Edifícios | E38: R | F38: =CONCATENATE(D38,"-",E38) -> Construção e Reforma de Edifícios-R | H38: 0.0097 | I38: 0.0127 | J38: 0.0127
D39: =D38 -> Construção e Reforma de Edifícios | E39: DF | F39: =CONCATENATE(D39,"-",E39) -> Construção e Reforma de Edifícios-DF | H39: 0.0059 | I39: 0.0123 | J39: 0.0139
D40: =D39 -> Construção e Reforma de Edifícios | E40: L | F40: =CONCATENATE(D40,"-",E40) -> Construção e Reforma de Edifícios-L | H40: 0.0616 | I40: 0.074 | J40: 0.0896
D41: =D40 -> Construção e Reforma de Edifícios | E41: BDI PAD | F41: =CONCATENATE(D41,"-",E41) -> Construção e Reforma de Edifícios-BDI PAD | H41: 0.2034 | I41: 0.2212 | J41: 0.25
D42: Construção de Praças Urbanas, Rodovias, Ferrovias e recapeamento e pavimentação de vias urbanas | E42: AC | F42: =CONCATENATE(D42,"-",E42) -> Construção de Praças Urbanas, Rodovias, Ferrovias e recapeamento e pavimentação de vias urbanas-AC | H42: 0.038 | I42: 0.0401 | J42: 0.0467
D43: Construção de Praças Urbanas, Rodovias, Ferrovias e recapeamento e pavimentação de vias urbanas | E43: SG | F43: =CONCATENATE(D43,"-",E43) -> Construção de Praças Urbanas, Rodovias, Ferrovias e recapeamento e pavimentação de vias urbanas-SG | H43: 0.0032 | I43: 0.004 | J43: 0.0074
D44: Construção de Praças Urbanas, Rodovias, Ferrovias e recapeamento e pavimentação de vias urbanas | E44: R | F44: =CONCATENATE(D44,"-",E44) -> Construção de Praças Urbanas, Rodovias, Ferrovias e recapeamento e pavimentação de vias urbanas-R | H44: 0.005 | I44: 0.0056 | J44: 0.0097
D45: Construção de Praças Urbanas, Rodovias, Ferrovias e recapeamento e pavimentação de vias urbanas | E45: DF | F45: =CONCATENATE(D45,"-",E45) -> Construção de Praças Urbanas, Rodovias, Ferrovias e recapeamento e pavimentação de vias urbanas-DF | H45: 0.0102 | I45: 0.0111 | J45: 0.0121
D46: Construção de Praças Urbanas, Rodovias, Ferrovias e recapeamento e pavimentação de vias urbanas | E46: L | F46: =CONCATENATE(D46,"-",E46) -> Construção de Praças Urbanas, Rodovias, Ferrovias e recapeamento e pavimentação de vias urbanas-L | H46: 0.0664 | I46: 0.073 | J46: 0.0869
D47: Construção de Praças Urbanas, Rodovias, Ferrovias e recapeamento e pavimentação de vias urbanas | E47: BDI PAD | F47: =CONCATENATE(D47,"-",E47) -> Construção de Praças Urbanas, Rodovias, Ferrovias e recapeamento e pavimentação de vias urbanas-BDI PAD | H47: 0.196 | I47: 0.2097 | J47: 0.2423
D48: Construção de Redes de Abastecimento de Água, Coleta de Esgoto | E48: AC | F48: =CONCATENATE(D48,"-",E48) -> Construção de Redes de Abastecimento de Água, Coleta de Esgoto-AC | H48: 0.0343 | I48: 0.0493 | J48: 0.0671
D49: =D48 -> Construção de Redes de Abastecimento de Água, Coleta de Esgoto | E49: SG | F49: =CONCATENATE(D49,"-",E49) -> Construção de Redes de Abastecimento de Água, Coleta de Esgoto-SG | H49: 0.0028 | I49: 0.0049 | J49: 0.0075
D50: =D49 -> Construção de Redes de Abastecimento de Água, Coleta de Esgoto | E50: R | F50: =CONCATENATE(D50,"-",E50) -> Construção de Redes de Abastecimento de Água, Coleta de Esgoto-R | H50: 0.01 | I50: 0.0139 | J50: 0.0174
D51: =D50 -> Construção de Redes de Abastecimento de Água, Coleta de Esgoto | E51: DF | F51: =CONCATENATE(D51,"-",E51) -> Construção de Redes de Abastecimento de Água, Coleta de Esgoto-DF | H51: 0.0094 | I51: 0.0099 | J51: 0.0117
D52: =D51 -> Construção de Redes de Abastecimento de Água, Coleta de Esgoto | E52: L | F52: =CONCATENATE(D52,"-",E52) -> Construção de Redes de Abastecimento de Água, Coleta de Esgoto-L | H52: 0.0674 | I52: 0.0804 | J52: 0.094
D53: =D52 -> Construção de Redes de Abastecimento de Água, Coleta de Esgoto | E53: BDI PAD | F53: =CONCATENATE(D53,"-",E53) -> Construção de Redes de Abastecimento de Água, Coleta de Esgoto-BDI PAD | H53: 0.2076 | I53: 0.2418 | J53: 0.2644
D54: Construção e Manutenção de Estações e Redes de Distribuição de Energia Elétrica | E54: AC | F54: =CONCATENATE(D54,"-",E54) -> Construção e Manutenção de Estações e Redes de Distribuição de Energia Elétrica-AC | H54: 0.0529 | I54: 0.0592 | J54: 0.0793
D55: =D54 -> Construção e Manutenção de Estações e Redes de Distribuição de Energia Elétrica | E55: SG | F55: =CONCATENATE(D55,"-",E55) -> Construção e Manutenção de Estações e Redes de Distribuição de Energia Elétrica-SG | H55: 0.0025 | I55: 0.0051 | J55: 0.0056
D56: =D55 -> Construção e Manutenção de Estações e Redes de Distribuição de Energia Elétrica | E56: R | F56: =CONCATENATE(D56,"-",E56) -> Construção e Manutenção de Estações e Redes de Distribuição de Energia Elétrica-R | H56: 0.01 | I56: 0.0148 | J56: 0.0197
D57: =D56 -> Construção e Manutenção de Estações e Redes de Distribuição de Energia Elétrica | E57: DF | F57: =CONCATENATE(D57,"-",E57) -> Construção e Manutenção de Estações e Redes de Distribuição de Energia Elétrica-DF | H57: 0.0101 | I57: 0.0107 | J57: 0.0111
D58: =D57 -> Construção e Manutenção de Estações e Redes de Distribuição de Energia Elétrica | E58: L | F58: =CONCATENATE(D58,"-",E58) -> Construção e Manutenção de Estações e Redes de Distribuição de Energia Elétrica-L | H58: 0.08 | I58: 0.0831 | J58: 0.0951
D59: =D58 -> Construção e Manutenção de Estações e Redes de Distribuição de Energia Elétrica | E59: BDI PAD | F59: =CONCATENATE(D59,"-",E59) -> Construção e Manutenção de Estações e Redes de Distribuição de Energia Elétrica-BDI PAD | H59: 0.24 | I59: 0.2584 | J59: 0.2786
D60: Obras Portuárias, Marítimas e Fluviais | E60: AC | F60: =CONCATENATE(D60,"-",E60) -> Obras Portuárias, Marítimas e Fluviais-AC | H60: 0.04 | I60: 0.0552 | J60: 0.0785
D61: =D60 -> Obras Portuárias, Marítimas e Fluviais | E61: SG | F61: =CONCATENATE(D61,"-",E61) -> Obras Portuárias, Marítimas e Fluviais-SG | H61: 0.0081 | I61: 0.0122 | J61: 0.0199
D62: =D61 -> Obras Portuárias, Marítimas e Fluviais | E62: R | F62: =CONCATENATE(D62,"-",E62) -> Obras Portuárias, Marítimas e Fluviais-R | H62: 0.0146 | I62: 0.0232 | J62: 0.0316
D63: =D62 -> Obras Portuárias, Marítimas e Fluviais | E63: DF | F63: =CONCATENATE(D63,"-",E63) -> Obras Portuárias, Marítimas e Fluviais-DF | H63: 0.0094 | I63: 0.0102 | J63: 0.0133
D64: =D63 -> Obras Portuárias, Marítimas e Fluviais | E64: L | F64: =CONCATENATE(D64,"-",E64) -> Obras Portuárias, Marítimas e Fluviais-L | H64: 0.0714 | I64: 0.084 | J64: 0.1043
D65: =D64 -> Obras Portuárias, Marítimas e Fluviais | E65: BDI PAD | F65: =CONCATENATE(D65,"-",E65) -> Obras Portuárias, Marítimas e Fluviais-BDI PAD | H65: 0.228 | I65: 0.2748 | J65: 0.3095
D66: Fornecimento de Materiais e Equipamentos | E66: AC | F66: =CONCATENATE(D66,"-",E66) -> Fornecimento de Materiais e Equipamentos-AC | H66: 0.015 | I66: 0.0345 | J66: 0.0449
D67: =D66 -> Fornecimento de Materiais e Equipamentos | E67: SG | F67: =CONCATENATE(D67,"-",E67) -> Fornecimento de Materiais e Equipamentos-SG | H67: 0.003 | I67: 0.0048 | J67: 0.0082
D68: =D67 -> Fornecimento de Materiais e Equipamentos | E68: R | F68: =CONCATENATE(D68,"-",E68) -> Fornecimento de Materiais e Equipamentos-R | H68: 0.0056 | I68: 0.0085 | J68: 0.0089
D69: =D68 -> Fornecimento de Materiais e Equipamentos | E69: DF | F69: =CONCATENATE(D69,"-",E69) -> Fornecimento de Materiais e Equipamentos-DF | H69: 0.0085 | I69: 0.0085 | J69: 0.0111
D70: =D69 -> Fornecimento de Materiais e Equipamentos | E70: L | F70: =CONCATENATE(D70,"-",E70) -> Fornecimento de Materiais e Equipamentos-L | H70: 0.035 | I70: 0.0511 | J70: 0.0622
D71: =D70 -> Fornecimento de Materiais e Equipamentos | E71: BDI PAD | F71: =CONCATENATE(D71,"-",E71) -> Fornecimento de Materiais e Equipamentos-BDI PAD | H71: 0.111 | I71: 0.1402 | J71: 0.168
D72: Estudos e Projetos, Planos e Gerenciamento e outros correlatos | E72: AC | F72: =CONCATENATE(D72,"-",E72) -> Estudos e Projetos, Planos e Gerenciamento e outros correlatos-AC | H72: 0 | I72: - | J72: -
D73: =D72 -> Estudos e Projetos, Planos e Gerenciamento e outros correlatos | E73: SG | F73: =CONCATENATE(D73,"-",E73) -> Estudos e Projetos, Planos e Gerenciamento e outros correlatos-SG | H73: 0 | I73: - | J73: -
D74: =D73 -> Estudos e Projetos, Planos e Gerenciamento e outros correlatos | E74: R | F74: =CONCATENATE(D74,"-",E74) -> Estudos e Projetos, Planos e Gerenciamento e outros correlatos-R | H74: 0 | I74: - | J74: -
D75: =D74 -> Estudos e Projetos, Planos e Gerenciamento e outros correlatos | E75: DF | F75: =CONCATENATE(D75,"-",E75) -> Estudos e Projetos, Planos e Gerenciamento e outros correlatos-DF | H75: 0 | I75: - | J75: -
D76: =D75 -> Estudos e Projetos, Planos e Gerenciamento e outros correlatos | E76: L | F76: =CONCATENATE(D76,"-",E76) -> Estudos e Projetos, Planos e Gerenciamento e outros correlatos-L | H76: 0 | I76: - | J76: -
D77: =D76 -> Estudos e Projetos, Planos e Gerenciamento e outros correlatos | E77: BDI PAD | F77: =CONCATENATE(D77,"-",E77) -> Estudos e Projetos, Planos e Gerenciamento e outros correlatos-BDI PAD | H77: 0.2 | I77: 0.25 | J77: 0.3
D80: Construção e Reforma de Edifícios
D81: Construção de Praças Urbanas, Rodovias, Ferrovias e recapeamento e pavimentação de vias urbanas
D82: Construção de Redes de Abastecimento de Água, Coleta de Esgoto
D83: Construção e Manutenção de Estações e Redes de Distribuição de Energia Elétrica
D84: Obras Portuárias, Marítimas e Fluviais
D85: Fornecimento de Materiais e Equipamentos
D86: Estudos e Projetos, Planos e Gerenciamento e outros correlatos
F89: Local e data
D91: CREA
D92: Responsável Técnico

Sheet COMPOSIÇÕES
B6: COMP-001 | D6: DESCRIÇÃO DO SERVIÇO OU FORNECIMENTO | E6: UNIDADE | F6: DATA BASE | G6: FONTE | H6: PREÇO REFERENCIAL
D7: SINALIZAÇÃO TRÂNSITO - NOTURNA E DIURNA | E7: M | H7: =SUM(H9:H15) -> 0
B8: FONTE | C8: CÓDIGO | D8: DESCRIÇÃO DO INSUMO | E8: UNIDADE | F8: COEFICIENTE | G8: CUSTO UNITÁRIO | H8: CUSTO TOTAL
D9: FIO DE COBRE, SOLIDO, CLASSE 1, ISOLACAO EM PVC/A, ANTICHAMA BWF-B, 450/750V, SECAO NOMINAL 2,5 MM2 | E9: M | F9: 0,3000000 | H9: =ROUND(F9*G9,2) -> 0
D10: ENERGIA ELETRICA ATE 2000 KWH INDUSTRIAL, SEM DEMANDA | E10: KW/H | F10: 0,2400000 | H10: =ROUND(F10*G10,2) -> 0
D11: LAMPADA LED 10W BIVOLT BRANCA , FORMARO TRADICIONAL (BASE E27) | E11: UN | F11: 0,0090000 | H11: =ROUND(F11*G11,2) -> 0
D12: BALDE VERMELHO PARA SINALIZACAO DE VIAS | E12: UN | F12: 0,0090000 | H12: =ROUND(F12*G12,2) -> 0
D13: SOQUETE DE PORCELANA BASE E27, PARA USO AO TEMPO, PARA LAMPADAS | E13: UN | F13: 0,0090000 | H13: =ROUND(F13*G13,2) -> 0
D14: ELETRICISTA COM ENCARGOS COMPLEMENTARES | E14: H | F14: 0,0500000 | H14: =ROUND(F14*G14,2) -> 0
D15: SERVENTE COM ENCARGOS COMPLEMENTARES | E15: H | F15: 0,0500000 | H15: =ROUND(F15*G15,2) -> 0
B17: COMP-002 | D17: DESCRIÇÃO DO SERVIÇO OU FORNECIMENTO | E17: UNIDADE | F17: DATA BASE | G17: FONTE | H17: PREÇO REFERENCIAL
D18: NIVELAMENTO DE POÇO DE VISITA - SANEAMENTO OU TELEFONIA | E18: UND | H18: =SUM(H20:H29) -> 0
B19: FONTE | C19: CÓDIGO | D19: DESCRIÇÃO DO INSUMO | E19: UNIDADE | F19: COEFICIENTE | G19: CUSTO UNITÁRIO | H19: CUSTO TOTAL
D20: CORTADORA DE PISO COM MOTOR 4 TEMPOS A GASOLINA, POTÊNCIA DE 13 HP, COM DISCO DE CORTE DIAMANTADO SEGMENTADO PARA CONCRETO, DIÂMETRO DE 350 MM, FURO DE 1" (14 X 1") - MATERIAIS NA OPERAÇÃO. AF_08/2015 | E20: H | F20: 1 | H20: =ROUND(F20*G20,2) -> 0
D21: OPERADOR DE MÁQUINAS E EQUIPAMENTOS COM ENCARGOS COMPLEMENTARES | E21: H | F21: 1 | H21: =ROUND(F21*G21,2) -> 0
D22: DEMOLIÇÃO PARCIAL DE PAVIMENTO ASFÁLTICO, DE FORMA MECANIZADA, SEM REAPROVEITAMENTO. AF_12/2017 | E22: M2 | F22: 0.72 | H22: =ROUND(F22*G22,2) -> 0
B23: COMP-AUX001 | D23: CARGA MANUAL DE ENTULHO EM CAMINHÃO BASCULANTE 6 M3 | E23: M3 | F23: 0.05 | G23: =H113 -> 0 | H23: =ROUND(F23*G23,2) -> 0
D24: TRANSPORTE COM CAMINHÃO BASCULANTE DE 6 M3, EM VIA URBANA PAVIMENTADA, DMT ATÉ 30 KM (UNIDADE: M3XKM). AF_07/2020 | E24: M3XKM | F24: 0.75 | G24: =H213 -> 0 | H24: =ROUND(F24*G24,2) -> 0
D25: CHAMINÉ CIRCULAR PARA POÇO DE VISITA PARA ESGOTO, EM ALVENARIA COM TIJOLOS CERÂMICOS MACIÇOS, DIÂMETRO INTERNO = 0,6 M. AF_05/2018 | E25: M | F25: 0.2 | H25: =ROUND(F25*G25,2) -> 0
B26: COMP-AUX002 | D26: ASSENTAMENTO DE TAMPAO DE FERRO FUNDIDO 600 MM | E26: UN | F26: 1 | G26: =H119 -> 0 | H26: =ROUND(F26*G26,2) -> 0
B27: COMP-AUX003 | D27: LASTRO DE CONCRETO, PREPARO MECÂNICO, INCLUSOS ADITIVO IMPERMEABILIZANTE, LANÇAMENTO E ADENSAMENTO | E27: M3 | F27: 0.15 | G27: =H127 -> 0 | H27: =ROUND(F27*G27,2) -> 0
D28: IMPRIMADURA BETUMINOSA LIGANTE | E28: M2 | F28: 0.72 | G28: =H171 -> 0 | H28: =ROUND(F28*G28,2) -> 0
D29: CONCRETO ASFALTICO USINADO A QUENTE - FAIXA DER 12,5 | E29: M3 | F29: 0.036 | G29: =H181 -> 0 | H29: =ROUND(F29*G29,2) -> 0
B31: COMP-003 | D31: DESCRIÇÃO DO SERVIÇO OU FORNECIMENTO | E31: UNIDADE | F31: DATA BASE | G31: FONTE | H31: PREÇO REFERENCIAL
D32: REMENDO SUPERFICIAL RÁPIDO | E32: M2 | H32: =SUM(H34:H42) -> 0
B33: FONTE | C33: CÓDIGO | D33: DESCRIÇÃO DO INSUMO | E33: UNIDADE | F33: COEFICIENTE | G33: CUSTO UNITÁRIO | H33: CUSTO TOTAL
D34: CORTADORA DE PISO COM MOTOR 4 TEMPOS A GASOLINA, POTÊNCIA DE 13 HP, COM DISCO DE CORTE DIAMANTADO SEGMENTADO PARA CONCRETO, DIÂMETRO DE 350 MM, FURO DE 1" (14 X 1") - MATERIAIS NA OPERAÇÃO. AF_08/2015 | E34: H | F34: 0.33 | G34: =G20 -> 0 | H34: =ROUND(F34*G34,2) -> 0
D35: OPERADOR DE MÁQUINAS E EQUIPAMENTOS COM ENCARGOS COMPLEMENTARES | E35: H | F35: 0.33 | G35: =G21 -> 0 | H35: =ROUND(F35*G35,2) -> 0
D36: DEMOLIÇÃO PARCIAL DE PAVIMENTO ASFÁLTICO, DE FORMA MECANIZADA, SEM REAPROVEITAMENTO. AF_12/2017 | E36: M2 | F36: 1 | G36: =G22 -> 0 | H36: =ROUND(F36*G36,2) -> 0
D37: CARGA, MANOBRA E DESCARGA DE SOLO E MATERIAIS GRANULARES EM CAMINHÃO BASCULANTE 6 M³ - CARGA COM PÁ CARREGADEIRA (CAÇAMBA DE 1,7 A 2,8 M³ / 128 HP) E,M DESCARAG LIVRE (UNIDADE: M³) AF_07/2020 | E37: M3 | F37: 0.15 | H37: =ROUND(F37*G37,2) -> 0
D38: TRANSPORTE COM CAMINHÃO BASCULANTE DE 6 M3, EM VIA URBANA PAVIMENTADA, DMT ATÉ 30 KM (UNIDADE: M3XKM). AF_07/2020 | E38: M3XKM | F38: 4.5 | G38: =G24 -> 0 | H38: =ROUND(F38*G38,2) -> 0
D39: EXECUÇÃO E COMPACTAÇÃO DE BASE E OU SUB BASE COM BRITA GRADUADA TRATADA COM CIMENTO - EXCLUSIVE CARGA E TRANSPORTE. AF_09/2017 | E39: M3 | F39: 0.15 | H39: =ROUND(F39*G39,2) -> 0
D40: CARGA, MANOBRA E DESCARGA DE SOLO E MATERIAIS GRANULARES EM CAMINHÃO BASCULANTE 6 M³ - CARGA COM PÁ CARREGADEIRA (CAÇAMBA DE 1,7 A 2,8 M³ / 128 HP) E,M DESCARAG LIVRE (UNIDADE: M³) AF_07/2020 | E40: M3 | F40: 0.15 | G40: =G37 -> 0 | H40: =ROUND(F40*G40,2) -> 0
D41: TRANSPORTE COM CAMINHÃO BASCULANTE DE 6 M3, EM VIA URBANA PAVIMENTADA, DMT ATÉ 30 KM (UNIDADE: M3XKM). AF_07/2020 | E41: M3XKM | F41: 4.5 | G41: =G24 -> 0 | H41: =ROUND(F41*G41,2) -> 0
D42: IMPRIMADURA BETUMINOSA IMPERMEABILIZANTE | E42: M2 | F42: 1 | G42: =H318 -> 0 | H42: =ROUND(F42*G42,2) -> 0
B44: COMP-004 | D44: DESCRIÇÃO DO SERVIÇO OU FORNECIMENTO | E44: UNIDADE | F44: DATA BASE | G44: FONTE | H44: PREÇO REFERENCIAL
D45: RECICLAGEM DE PAVIMENTO COM ADIÇÃO DE 20 % BRITA E 4% CIMENTO C/ TRANSPORTE DO BOTA FORA (MATERIAL EXCEDENTE) | E45: M3 | H45: =SUM(H47:H48) -> 0
B46: FONTE | C46: CÓDIGO | D46: DESCRIÇÃO DO INSUMO | E46: UNIDADE | F46: COEFICIENTE | G46: CUSTO UNITÁRIO | H46: CUSTO TOTAL
D47: RECICLAGEM DE PAVIMENTO COM ADIÇÃO DE 20 % BRITA E 4% CIMENTO | E47: M3 | F47: 1 | H47: =ROUND(F47*G47,2) -> 0
D48: TRANSPORTE COM CAMINHÃO BASCULANTE DE 10 M3, EM VIA URBANA PAVIMENTADA, DMT ATÉ 30 KM (UNIDADE: M3XKM). AF_07/2020 | E48: M3XKM | F48: 3 | H48: =ROUND(F48*G48,2) -> 0
B50: COMP-005 | D50: DESCRIÇÃO DO SERVIÇO OU FORNECIMENTO | E50: UNIDADE | F50: DATA BASE | G50: FONTE | H50: PREÇO REFERENCIAL
D51: IMPLANTAÇÃO DE SARJETÃO | E51: m | H51: =SUM(H53:H60) -> 0
B52: FONTE | C52: CÓDIGO | D52: DESCRIÇÃO DO INSUMO | E52: UNIDADE | F52: COEFICIENTE | G52: CUSTO UNITÁRIO | H52: CUSTO TOTAL
D53: CORTADORA DE PISO COM MOTOR 4 TEMPOS A GASOLINA, POTÊNCIA DE 13 HP, COM DISCO DE CORTE DIAMANTADO SEGMENTADO PARA CONCRETO, DIÂMETRO DE 350 MM, FURO DE 1" (14 X 1") - MATERIAIS NA OPERAÇÃO. AF_08/2015 | E53: H | F53: 0.33 | G53: =G20 -> 0 | H53: =ROUND(F53*G53,2) -> 0
D54: OPERADOR DE MÁQUINAS E EQUIPAMENTOS COM ENCARGOS COMPLEMENTARES | E54: H | F54: 0.33 | G54: =G35 -> 0 | H54: =ROUND(F54*G54,2) -> 0
D55: DEMOLIÇÃO PARCIAL DE PAVIMENTO ASFÁLTICO, DE FORMA MECANIZADA, SEM REAPROVEITAMENTO. AF_12/2017 | E55: M2 | F55: 1.3 | G55: =G36 -> 0 | H55: =ROUND(F55*G55,2) -> 0
D56: ESCAVAÇÃO MECANIZADA PARA VIGA BALDRAME, SEM PREVISÃO DE FÔRMA, COM MINI-ESCAVADEIRA. AF_06/2017 | E56: M3 | F56: 0.364 | H56: =ROUND(F56*G56,2) -> 0
B57: COMP-AUX001 | D57: CARGA MANUAL DE ENTULHO EM CAMINHÃO BASCULANTE 6 M3 | E57: M3 | F57: 0.364 | G57: =H113 -> 0 | H57: =ROUND(F57*G57,2) -> 0
D58: TRANSPORTE COM CAMINHÃO BASCULANTE DE 6 M3, EM VIA URBANA PAVIMENTADA, DMT ATÉ 30 KM (UNIDADE: M3XKM). AF_07/2020 | E58: M3XKM | F58: 5.46 | G58: =G24 -> 0 | H58: =ROUND(F58*G58,2) -> 0
D59: ARMAÇÃO DE BLOCO, VIGA BALDRAME OU SAPATA UTILIZANDO AÇO CA-50 DE 8 MM - MONTAGEM. AF_06/2017 | E59: KG | F59: 9.58 | H59: =ROUND(F59*G59,2) -> 0
D60: CONCRETAGEM DE BLOCOS DE COROAMENTO E VIGAS BALDRAMES, FCK 30 MPA, COM USO DE BOMBA  LANÇAMENTO, ADENSAMENTO E ACABAMENTO. AF_06/2017 | E60: M3 | F60: 0.258 | H60: =ROUND(F60*G60,2) -> 0
B62: COMP-006 | D62: DESCRIÇÃO DO SERVIÇO OU FORNECIMENTO | E62: UNIDADE | F62: DATA BASE | G62: FONTE | H62: PREÇO REFERENCIAL
D63: GUIA PRÉ FABRICADA (PADRÃO PM SJRP) | E63: M | H63: =SUM(H65:H66) -> 0
B64: FONTE | C64: CÓDIGO | D64: DESCRIÇÃO DO INSUMO | E64: UNIDADE | F64: COEFICIENTE | G64: CUSTO UNITÁRIO | H64: CUSTO TOTAL
D65: GUIA (MEIO-FIO) CONCRETO, MOLDADA IN LOCO EM TRECHO RETO COM EXTRUSORA, 13 CM BASE X 22 CM ALTURA AF_01/2024 | E65: M | F65: 1 | H65: =ROUND(F65*G65,2) -> 0
D66: CONCRETO FCK 15 MPA | E66: M³ | F66: 0.0023 | H66: =ROUND(F66*G66,2) -> 0
B68: COMP-007 | D68: DESCRIÇÃO DO SERVIÇO OU FORNECIMENTO | E68: UNIDADE | F68: DATA BASE | G68: FONTE | H68: PREÇO REFERENCIAL
D69: SINALIZAÇÃO DE OBRAS PARA EXECUÇÃO DE RECOMPOSIÇÃO DE ENCAMENÇAMENTO DE OAE | E69: UNID. | H69: =SUM(H71:H77) -> 0
B70: FONTE | C70: CÓDIGO | D70: DESCRIÇÃO DO INSUMO | E70: UNIDADE | F70: COEFICIENTE | G70: CUSTO UNITÁRIO | H70: CUSTO TOTAL
D71: SARRAFO *2,5X10* CM EM PINUS, MISTA OU EQUIVALENTE DA REGIÃO - BRUTA | E71: M | F71: 1.2 | H71: =ROUND(F71*G71,2) -> 0
D72: PLACA REGULARIZAÇÃO, ADVERTÊNCIA, EDUCATIVA, ORIENTAÇÃO TURISTICA/SERVIÇOS, CH. AÇO TIPO NB 1010/1020, E=125MM, BITOA 18, OU E=1,50MM, BITOA 16 - ABNT NBR 11904, ÁREA ATÉ 2,0 M², REFLETIVA COM PELICULA IA/IA - ABNT NBR 14644 | E72: M2 | F72: 0.18 | H72: =ROUND(F72*G72,2) -> 0
D73: PREGO DE ACO POLIDO COM CABECA 17 X 27 (2 1/2 X 11) | E73: KG | F73: 0.008276 | H73: =ROUND(F73*G73,2) -> 0
D74: TELA PLASTICA LARANJA, TIPO TAPUME PARA SINALIZAÇÃO, MALHA RETANGULÇAR, ROLO 1,20 X 50 M | E74: M | F74: 4 | H74: =ROUND(F74*G74,2) -> 0
D75: CONE DE SINALIZACAO EM PVC RIGIDO COM FAIXA REFLETIVA, H = 70 / 76 CM | E75: UN. | F75: 0.2 | H75: =ROUND(F75*G75,2) -> 0
D76: CARPINTEIRO DE FORMAS COM ENCARGOS COMPLEMENTARES | E76: H | F76: 0.066666 | H76: =ROUND(F76*G76,2) -> 0
D77: SERVENTE COM ENCARGOS COMPLEMENTARES | E77: H | F77: 0.022222 | G77: =G15 -> 0 | H77: =ROUND(F77*G77,2) -> 0
B79: COMP-008 | D79: DESCRIÇÃO DO SERVIÇO OU FORNECIMENTO | E79: UNIDADE | F79: DATA BASE | G79: FONTE | H79: PREÇO REFERENCIAL
D80: ENSAIO DE PORCENTAGEM DE BETUME - MISTURAS BETUMINOSAS | E80: UND | H80: =SUM(H82:H83) -> 0
B81: FONTE | C81: CÓDIGO | D81: DESCRIÇÃO DO INSUMO | E81: UNIDADE | F81: COEFICIENTE | G81: CUSTO UNITÁRIO | H81: CUSTO TOTAL
D82: AUXILIAR DE LABORATÓRIO COM ENCARGOS COMPLEMENTARES | E82: H | F82: 3 | H82: =ROUND(F82*G82,2) -> 0
D83: TÉCNICO DE LABORATÓRIO COM ENCARGOS COMPLEMENTARES | E83: H | F83: 1.5 | H83: =ROUND(F83*G83,2) -> 0
B85: COMP-009 | D85: DESCRIÇÃO DO SERVIÇO OU FORNECIMENTO | E85: UNIDADE | F85: DATA BASE | G85: FONTE | H85: PREÇO REFERENCIAL
D86: ENSAIO MARSHALL - MISTURA BETUMINOSA A QUENTE | E86: UND | H86: =SUM(H88:H89) -> 0
B87: FONTE | C87: CÓDIGO | D87: DESCRIÇÃO DO INSUMO | E87: UNIDADE | F87: COEFICIENTE | G87: CUSTO UNITÁRIO | H87: CUSTO TOTAL
D88: AUXILIAR DE LABORATÓRIO COM ENCARGOS COMPLEMENTARES | E88: H | F88: 7 | G88: =G82 -> 0 | H88: =ROUND(F88*G88,2) -> 0
D89: TÉCNICO DE LABORATÓRIO COM ENCARGOS COMPLEMENTARES | E89: H | F89: 3.5 | G89: =G83 -> 0 | H89: =ROUND(F89*G89,2) -> 0
B91: COMP-010 | D91: DESCRIÇÃO DO SERVIÇO OU FORNECIMENTO | E91: UNIDADE | F91: DATA BASE | G91: FONTE | H91: PREÇO REFERENCIAL
D92: ENSAIO DE CONTROLE DE GRAU DE COMPACTAÇÃO DA MISTURA ASFÁLTICA | E92: UND | H92: =SUM(H94:H95) -> 0
B93: FONTE | C93: CÓDIGO | D93: DESCRIÇÃO DO INSUMO | E93: UNIDADE | F93: COEFICIENTE | G93: CUSTO UNITÁRIO | H93: CUSTO TOTAL
D94: AUXILIAR DE LABORATÓRIO COM ENCARGOS COMPLEMENTARES | E94: H | F94: 1.8 | G94: =G82 -> 0 | H94: =ROUND(F94*G94,2) -> 0
D95: TÉCNICO DE LABORATÓRIO COM ENCARGOS COMPLEMENTARES | E95: H | F95: 0.9 | G95: =G83 -> 0 | H95: =ROUND(F95*G95,2) -> 0
B97: COMP-011 | D97: DESCRIÇÃO DO SERVIÇO OU FORNECIMENTO | E97: UNIDADE | F97: DATA BASE | G97: FONTE | H97: PREÇO REFERENCIAL
D98: ENSAIO DE RESISTÊNCIA A COMPRESSÃO SIMPLES - CONCRETO | E98: UND | H98: =SUM(H100:H101) -> 0
B99: FONTE | C99: CÓDIGO | D99: DESCRIÇÃO DO INSUMO | E99: UNIDADE | F99: COEFICIENTE | G99: CUSTO UNITÁRIO | H99: CUSTO TOTAL
D100: AUXILIAR DE LABORATÓRIO COM ENCARGOS COMPLEMENTARES | E100: H | F100: 3.6 | G100: =G82 -> 0 | H100: =ROUND(F100*G100,2) -> 0
D101: TÉCNICO DE LABORATÓRIO COM ENCARGOS COMPLEMENTARES | E101: H | F101: 1.8 | G101: =G83 -> 0 | H101: =ROUND(F101*G101,2) -> 0
B103: COMP-012 | D103: DESCRIÇÃO DO SERVIÇO OU FORNECIMENTO | E103: UNIDADE | F103: DATA BASE | G103: FONTE | H103: PREÇO REFERENCIAL
D104: LEVANTAMENTO PLANIMÉTRICO CADASTRAL | E104: M2 | H104: =SUM(H106:H110) -> 0
B105: FONTE | C105: CÓDIGO | D105: DESCRIÇÃO DO INSUMO | E105: UNIDADE | F105: COEFICIENTE | G105: CUSTO UNITÁRIO | H105: CUSTO TOTAL
D106: AUXILIAR DE TOPOGRAFO | E106: H | F106: 0.0055 | H106: =ROUND(F106*G106,2) -> 0
D107: DESENHISTA PROJETISTA COM ENCARGOS COMPLEMENTARES | E107: H | F107: 0.003 | H107: =ROUND(F107*G107,2) -> 0
D108: TOPOGRAFO COM ENCARGOS COMPLEMENTARES | E108: H | F108: 0.0027 | H108: =ROUND(F108*G108,2) -> 0
D109: LOCACAO DE TEODOLITO ELETRONICO, PRECISAO ANGULAR DE 5 A 7 SEGUNDOS, INCLUINDO TRIPE | E109: H | F109: 0.0027 | H109: =ROUND(F109*G109,2) -> 0
D110: CAMINHONETE CABINE SIMPLES COM MOTOR 1.6 FLEX, CÂMBIO MANUAL, POTÊNCIA 101/104 CV, 2 PORTAS - MATERIAIS NA OPERAÇÃO. AF_11/2015 | E110: H | F110: 0.0016 | H110: =ROUND(F110*G110,2) -> 0
B112: COMP-AUX001 | D112: DESCRIÇÃO DO SERVIÇO OU FORNECIMENTO | E112: UNIDADE | F112: DATA BASE | G112: FONTE | H112: PREÇO REFERENCIAL
D113: CARGA MANUAL DE ENTULHO EM CAMINHÃO BASCULANTE 6 M³ | E113: M³ | H113: =SUM(H115:H116) -> 0
B114: FONTE | C114: CÓDIGO | D114: DESCRIÇÃO DO INSUMO | E114: UNIDADE | F114: COEFICIENTE | G114: CUSTO UNITÁRIO | H114: CUSTO TOTAL
D115: CAMINHÃO BASCULANTE 6 M3, PESO BRUTO TOTAL 16.000 KG, CARGA ÚTIL MÁXIMA 13.071 KG, DISTÂNCIA ENTRE EIXOS 4,80 M, POTÊNCIA 230 CV INCLUSIVE CAÇAMBA METÁLICA - CHI DIURNO. AF_06/2014 | E115: CHI | F115: 0.25 | H115: =ROUND(F115*G115,2) -> 0
D116: SERVENTE COM ENCARGOS COMPLEMENTARES | E116: H | F116: 0.7 | G116: =G15 -> 0 | H116: =ROUND(F116*G116,2) -> 0
B118: COMP-AUX002 | D118: DESCRIÇÃO DO SERVIÇO OU FORNECIMENTO | E118: UNIDADE | F118: DATA BASE | G118: FONTE | H118: PREÇO REFERENCIAL
...
